AoeStats
← RealTortoise297

Arabia

505110310Analyzed
1v1 RM · 23d ago on Sep 7, 2026· 27m 15s· 2 players
Game mode
Random Map
Map size
Tiny (2 player)
Population
200
Speed
Normal
Resources
Standard
Victory
Conquest
Starting age
Dark Age
Ending age
Imperial Age
RankedLock teamsTeams togetherTeam positionsShared explorationLock speedFull tech treeHidden civsTurbo modeCheats
Victory
Defeat
🇨🇴 Muisca · Colombia
899
+16
🇺🇸 Celts · United States
899
-45
RealTortoise297
3:05 Loom
10:41 Feudal Age
11:45 Horse Collar
11:52 Double-Bit Axe
18:10 Man-at-Arms
ivanrun151
8:11 Loom
10:44 Feudal Age
10:58 Champi Runner
12:42 Forging
13:06 Scale Mail Armor
13:40 Double-Bit Axe
23:26 Castle Age
21:26 Horse Collar
24:47 Chain Mail Armor
26:08 Champi Warrior
27:39 Wheelbarrow
Connection lost

Rejoining the realm…

Still unreachable

The connection could not be restored.

Session expired

The server has moved on; the page needs a fresh start.